 Dungeon Crawl Stone Soup version 0.31-a0-1159-g800acc2fd1 (webtiles) character file.

Game seed: 4272169052972914836

6 Malachi the Shooter (level 1, 12/16 HPs)
             Began as a Mummy Hunter on Dec 8, 2023.
             Safely got out of the dungeon.
             The game lasted 00:00:30 (116 turns).

Malachi the Shooter (Mummy Hunter)                   Turns: 116, Time: 00:00:30

Health: 12/16      AC:  3    Str: 14    XL:     1   Next: 75%
Magic:  1/1        EV: 11    Int:  8    God:
Gold:   34         SH:  0    Dex: 15    Spells: 0/0 levels left

rFire   x . .        a - +0 shortbow
rCold   + . .        (shield currently unavailable)
rNeg    + + +        c - +0 leather armour
rPois   ∞            (no helmet)
rElec   .            (no cloak)
rCorr   .            (no gloves)
SInv    .            (no boots)
Will    .....        (no amulet)
Stlth   +            (no ring)
HPRegen 0.22/turn    (no ring)
MPRegen 0.07/turn

%: faith
@: no status effects
A: cold resistance 1, negative energy resistance 3, torment resistance 2, heat
vulnerability 1, in touch with death 1, no potions, faith
a: no special abilities


You escaped.
You visited 1 branch of the dungeon, and saw 1 of its levels.

You collected 34 gold pieces.

Inventory:

Hand Weapons
 a - a +0 shortbow (weapon)
Armour
 c - a +0 leather armour (worn)
Scrolls
 b - a scroll of butterflies


   Skills:
 + Level 2.2 Fighting
 + Level 3.4 Ranged Weapons
 - Level 1.5 Dodging
 - Level 0.7 Stealth


You couldn't memorise any spells.
You didn't know any spells.
Your spell library was empty.

Dungeon Overview and Level Annotations

Branches:
Dungeon (1/15)

Altars:


Innate Abilities, Weirdness & Mutations

You are immune to poison.
Your flesh is cold resistant. (rC+)
You are immune to negative energy. (rN+++)
You are immune to unholy pain and torment.
You are vulnerable to heat. (rF-)
You are in touch with the powers of death.
You do not drink.
You have a special connection with the divine. (Faith)


Message History

You shoot an arrow. The arrow closely misses the goblin.
The goblin hits you with a +0 club.
You shoot an arrow. The arrow closely misses the goblin.
The arrow barely misses the rat.
The goblin hits you with a +0 club.
You shoot an arrow. The arrow closely misses the goblin.
The arrow hits the rat.
You kill the rat!
The goblin barely misses you. The goblin hits you with a +0 club.
You shoot an arrow. The arrow closely misses the goblin.
The goblin hits you with a +0 club.
You shoot an arrow. The arrow misses the goblin.
The goblin hits you but does no damage.
You shoot an arrow. The arrow hits the goblin.
The goblin is moderately wounded.
The goblin hits you with a +0 club.
You are too injured to fight recklessly!
You are too injured to fight recklessly!
You are too injured to fight recklessly!
You are too injured to fight recklessly!
Fire: a) +0 shortbow
Press: ? - help, Q - select action Shift-Dir - straight line, f/p - goblin
Aim: a goblin, wielding a +0 club (moderately wounded, 53% to hit)
You shoot an arrow. The arrow hits the goblin.
The goblin is severely wounded.
The goblin hits you with a +0 club.
Fire: a) +0 shortbow
Press: ? - help, Q - select action Shift-Dir - straight line, f/p - goblin
Aim: a goblin, wielding a +0 club (severely wounded, 53% to hit)
You shoot an arrow. The arrow hits the goblin.
You kill the goblin!
Unknown command.
Fire: a) +0 shortbow
Press: ? - help, Q - select action Shift-Dir - straight line, f - you Really target yourself?
Okay, then.
Unknown command.
There is a staircase leading out of the dungeon here.
Alright, then stay!
Unknown command.
You have escaped!

.....♣♣♣P..#
####.P..PPP♣P.#
##.........P...#
##.............!#
#...............#
#.....P....P....#
#.###....PP♣P.P♣PP..#
#.....PP♣...P@..P♣P.#
#...PPPPPP..P...#
##....P♣P♣..P..##
##.....PP....##
####........#.##
..#.............##
♣♣♣♣~♣.#######...#.#
~~~~~~♣# ##.##.#
≈~PP~P~# #.##.#


There were no monsters in sight!

Vanquished Creatures
  An endoplasm (D:1)
  A goblin (D:1)
  A quokka (D:1)
  2 kobolds (D:1)
  A rat (D:1)
6 creatures vanquished.

Notes
Turn   | Place    | Note
-------+----------+-------------------------------------------
     0 | D:1      | Malachi the Mummy Hunter began the quest for the Orb.
     0 | D:1      | Reached XP level 1. HP: 16/16 MP: 1/1
   116 | D:$      | Safely got out of the dungeon.

Illustrated notes

Levels and vault maps discovered:
D:1:      spicycebolla_arrival_clurvy, layout_loops_ring, serial_bayou_ford_a,
          minmay_pentomino_t4

Action                     || total
---------------------------++-------
   Fire: Shortbow          ||    21
 Armour: Leather armour    ||     9
  Dodge: Dodged            ||     5

Table legend: (Time is in decaauts)
 A = Elapsed time spent in this place.
 B = Non-inter-level travel time spent in this place.
 C = Inter-level travel time spent in this place.
 D = Time resting spent in this place.
 E = Time spent auto-exploring this place.
 F = Levels seen in this place.
 G = Mean time per level.
                   A        B        C        D        E       F      G
               +--------+--------+--------+--------+--------+-----+--------+
         Total |    123 |    100 |     23 |      0 |     57 |   1 |  123.0 |
       Dungeon |    123 |    100 |     23 |      0 |     57 |   1 |  123.0 |
               +--------+--------+--------+--------+--------+-----+--------+

Top non-repeatable levels by time:
     D:1: 123 daAuts
